 Dungeon Crawl Stone Soup version 0.20.0-15-g7f486f2 (webtiles) character file.

205 vishdafish the Slasher (level 5, -12/47 HPs)
             Began as a Minotaur Fighter on June 30, 2017.
             Mangled by an ogre
             ... wielding a +0 giant spiked club
              (27 damage)
             ... on level 4 of the Dungeon.
             The game lasted 00:02:33 (2681 turns).

vishdafish the Slasher (Minotaur Fighter)           Turns: 2681, Time: 00:02:34

Health: -12/47     AC: 11    Str: 26    XL:     5   Next: 52%
Magic:  4/4        EV:  5    Int:  5    God:
Gold:   141        SH: 10    Dex: 10    Spells: 4/4 levels left

rFire    . . .     SeeInvis .   a - +0 long sword
rCold    . . .     Gourm    .   c - +0 shield
rNeg     . . .     Faith    .   v - +0 plate armour
rPois    .         Spirit   .   (helmet restricted)
rElec    .         Reflect  .   (no cloak)
rCorr    .         Harm     .   (no gloves)
MR       .....                  (no boots)
Stlth    ..........             (no amulet)
Regen    0.2/turn               (no ring)
MPRegen  0.1/turn               (no ring)

@: mighty
A: retaliatory headbutt, horns 2
a: no special abilities


You were on level 4 of the Dungeon.
You were not hungry.

You visited 1 branch of the dungeon, and saw 4 of its levels.

You collected 141 gold pieces.

Inventory:

Hand Weapons
 a - a +0 long sword (weapon)
Armour
 b - a +0 scale mail
 c - a +0 shield (worn)
 v - a +0 plate armour (worn)
Scrolls
 e - a scroll of fog {unknown}
 g - 10 scrolls of identify {unknown}
 j - 2 scrolls of amnesia {unknown}
 k - 3 scrolls of random uselessness {unknown}
 l - 2 scrolls of recharging {unknown}
 m - a scroll of remove curse {unknown}
 n - a scroll of magic mapping {unknown}
 q - a scroll of teleportation {unknown}
 s - a scroll of enchant armour {unknown}
Potions
 d - 2 potions of might
 h - 2 potions of lignification {unknown}
 i - a potion of berserk rage {unknown}
 o - 3 potions of flight {unknown}
 t - a potion of curing {unknown}
 u - a potion of brilliance {unknown}
Books
 p - a book of Callings

   Spells                             Type                      Level
   a - Summon Small Mammal            Summoning                    1
   b - Call Imp                       Summoning                    2
   c - Call Canine Familiar           Summoning                    3
   d - Summon Guardian Golem          Hexes/Summoning              3
   e - Summon Lightning Spire         Summoning/Air                4
   f - Summon Ice Beast               Ice/Summoning                4
Comestibles
 f - 2 bread rations
 r - a royal jelly


   Skills:
 + Level 4.5 Fighting
 * Level 4.6 Long Blades
 + Level 4.3 Armour
 + Level 2.2 Dodging
 + Level 4.3 Shields


You had 4 spell levels left.
You didn't know any spells.

Dungeon Overview and Level Annotations

Branches:
Dungeon (4/15)
 Temple: D:4-7

Altars:
Ashenzari
Hepliaklqana
Yredelemnul


Innate Abilities, Weirdness & Mutations

You reflexively headbutt those who attack you in melee.
You have a pair of horns on your head.


Message History

Found a stone staircase leading up.
An ogre comes into view. It is wielding a giant spiked club.
The ogre hits you with a giant spiked club!!
You slash the ogre!
The ogre is moderately wounded.
The ogre hits you but does no damage.
Your plate armour prevents you from hitting the ogre.
You headbutt the ogre.
The ogre is moderately wounded.
The ogre hits you with a giant spiked club!
You are too injured to fight recklessly!
You are too injured to fight recklessly!
You are too injured to fight recklessly!
You are too injured to fight recklessly!
You feel very mighty all of a sudden.
Your plate armour prevents you from hitting the ogre.
The ogre is moderately wounded.
The ogre hits you with a giant spiked club!!
Ouch! That really hurt!
You die...

#. #. ##. ### #..
... #.. <.
#..###.##..#
##...##.##..#
#...@...##..#
##.O.#..##..# #####
#..##..##..# ##...##
#.# #..##..###.....#
#. #..##...#.......
#.###..##......._...
#..........##.......
#####..###.###.....#
#..###.####...##


You could see an ogre.

Vanquished Creatures
  A scorpion (D:3)
  A hound (D:4)
  4 gnolls (D:4)
  3 adders
  A shadow imp (D:3)
  An ooze (D:2)
  An adder skeleton (D:4)
  A dart slug (D:2)
  2 worms
  A ball python (D:4)
  3 giant cockroaches
  3 hobgoblins (D:1)
  4 jackals (D:3)
  6 kobolds
  A quokka (D:2)
  2 bats
  3 frilled lizards
  4 goblins
  A quokka skeleton (D:4)
  2 rats
45 creatures vanquished.

Notes
Turn   | Place    | Note
-------+----------+-------------------------------------------
     0 | D:1      | vishdafish the Minotaur Fighter began the quest for the Orb.
     0 | D:1      | Reached XP level 1. HP: 19/19 MP: 0/0
   461 | D:1      | Reached XP level 2. HP: 23/26 MP: 1/1
  1489 | D:3      | Reached XP level 3. HP: 33/33 MP: 2/2
  1510 | D:3      | Found a shattered altar of Ashenzari.
  1654 | D:3      | Found a basalt altar of Yredelemnul.
  1884 | D:3      | Found a faded altar of an unknown god.
  1888 | D:3      | Noticed a scorpion
  1899 | D:3      | Killed a scorpion
  1899 | D:3      | Reached skill level 1 in Dodging
  1899 | D:3      | Reached XP level 4. HP: 40/40 MP: 3/3
  2403 | D:4      | Reached XP level 5. HP: 30/47 MP: 4/4
  2642 | D:4      | Found a hazy altar of Hepliaklqana.
  2676 | D:4      | Noticed an ogre
  2681 | D:4      | Mangled by an ogre

Skill      XL: |  1  2  3  4  5 |
---------------+----------------+-----
Long Blades    | 3 4 |  4.6
Armour         | 4 |  4.3
Fighting       | 4 |  4.5
Dodging        | 1 2 |  2.2
Shields        | 4 |  4.3

Action                   |  1- 3 |  4- 6 || total
-------------------------+-------+-------++-------
Melee: Long sword        |    79 |    53 ||   132
       Headbutt          |    13 |     9 ||    22
  Use: Potion            |       |     1 ||     1
  Eat: Chunk             |     3 |       ||     3
       Meat ration       |       |     1 ||     1
Armor: Scale mail        |    36 |    14 ||    50
       Plate armour      |       |    32 ||    32
Dodge: Dodged            |    32 |    18 ||    50
Block: Shield            |    50 |    41 ||    91
       Rpst.: Long sword |     6 |     5 ||    11
